Map: Tours du crépuscule

Players

defer - Winner!

  • Race: Protoss Protoss
  • League: Bronze

Titanyx

  • Race: Protoss Protoss

VOD

Have the link to the VOD?

Description

Time

  • Played on: May 6, 2016, 11:18 a.m.
  • Length: 3:28
Show
View Real Time Build Order
Export as new Build Order

defer Protoss - Winner!

Build Orders:  

Get SALT Encoding   

  12  0:10  Pylon  
  12  0:13  Probe (Chrono Boost)  
  13  0:28  Gateway  
  13  0:32  Probe (Chrono Boost)  
  14  0:41  Assimilator  
  14  0:42  Probe (Chrono Boost)  
  15  0:53  Probe (Chrono Boost)  
  16  1:03  Gateway, Probe (Chrono Boost)  
  17  1:15  Cybernetics Core  
  17  1:22  Zealot (Chrono Boost)  
  19  1:35  Gateway  
  19  1:43  Pylon  
  19  1:51  Mothership Core (Chrono Boost)  
  21  1:59  Adept  
  23  2:07  Adept  
  25  2:22  Adept  
  27  2:26  Adept  
  29  2:39  Pylon  
  29  2:42  Pylon  
  27  2:49  Pylon  
  32  3:09  Probe (Chrono Boost)  
Show
View Real Time Build Order
Export as new Build Order

Titanyx Protoss 

Build Orders:  

Get SALT Encoding   

  12  0:02  Probe (Chrono Boost)  
  13  0:12  Probe (Chrono Boost)  
  14  0:22  Pylon  
  14  0:23  Probe (Chrono Boost)  
  15  0:35  Assimilator  
  15  0:40  Probe (Chrono Boost)  
  16  0:51  Probe (Chrono Boost)  
  17  0:57  Gateway  
  17  1:01  Probe (Chrono Boost)  
  18  1:12  Probe (Chrono Boost)  
  18  1:18  Pylon  
  19  1:22  Probe (Chrono Boost)  
  19  1:24  Assimilator  
  20  1:29  Pylon  
  20  1:33  Probe (Chrono Boost)  
  21  1:44  Cybernetics Core  
  21  1:46  Zealot (Chrono Boost)  
  23  2:00  Probe  
  24  2:10  Zealot (Chrono Boost), Forge  
  24  2:12  Probe  
  27  2:24  Probe  
  28  2:36  Zealot  
  30  2:57  Probe  
Tags
 
Add a new tag
Caveats
  • Supply blocks, unpowered buildings, or Contaminate may cause inaccurate times.
  • Supply counts are checked every 10 seconds.